 Dungeon Crawl Stone Soup version 0.26.1-11-gd32895ea62 (webtiles) character file.

Game seed: 11168596266255085358

952 Gerhazo the Destroyer (level 7, -5/36 HPs)
             Began as a Deep Elf Conjurer on May 30, 2021.
             Was a Believer of Vehumet.
             Shot with an arrow by a centaur (10 damage)
             ... on level 6 of the Dungeon.
             The game lasted 00:06:30 (5571 turns).

Gerhazo the Destroyer (Deep Elf Conjurer)           Turns: 5571, Time: 00:06:30

Health: -5/36      AC:  4    Str: 10    XL:     7   Next: 90%
Magic:  19/19      EV: 13    Int: 25    God:    Vehumet [**....]
Gold:   508        SH:  0    Dex: 13    Spells: 18/20 levels left

rFire    . . .     SeeInvis .   u - +2 short sword (speed)
rCold    . . .     Faith    .   (no shield)
rNeg     . . .     Spirit   .   a - +0 robe
rPois    .         Reflect  .   w - +0 helmet
rElec    .         Harm     .   y - +0 cloak
rCorr    .         Rampage  .   (no gloves)
Will     +....                  (no boots)
Stlth    ++........             (no amulet)
HPRegen  0.12/turn              j - ring of willpower
MPRegen  0.16/turn              k - +6 ring of strength

@: no status effects
A: no striking features
a: Renounce Religion


You were on level 6 of the Dungeon.
You worshipped Vehumet.
Vehumet was pleased with you.
You visited 2 branches of the dungeon, and saw 7 of its levels.

You collected 508 gold pieces.

Inventory:

Hand Weapons
 u - a +2 short sword of speed (weapon)
Armour
 a - a +0 robe (worn)
 g - a +0 buckler
 w - a +0 helmet (worn)
 y - a +0 cloak (worn)
Jewellery
 j - a ring of willpower (left hand)
 k - a +6 ring of strength (right hand)
 p - an uncursed ring of fire
Wands
 h - a wand of acid (4)
Scrolls
 d - 11 scrolls of identify {unknown}
 e - 3 scrolls of teleportation {unknown}
 i - a scroll of random uselessness {unknown}
 l - 5 scrolls of remove curse {unknown}
 m - 3 scrolls of magic mapping {unknown}
 o - 2 scrolls of amnesia
 r - a scroll of fear {unknown}
 s - a scroll of fog {unknown}
 x - a scroll of vulnerability {unknown}
Potions
 b - 4 potions of curing {unknown}
 c - a potion of cancellation {unknown}
 f - 3 potions of berserk rage {unknown}
 n - a potion of lignification {unknown}
 q - 2 potions of resistance {unknown}
 t - 3 potions of brilliance {unknown}
 v - 2 potions of degeneration {unknown}


   Skills:
 - Level 2.4 Dodging
 - Level 2.4 Stealth
 + Level 7.4 Spellcasting
 * Level 9.3 Conjurations


You had 18 spell levels left.
You knew the following spells:

 Your Spells              Type           Power        Failure   Level
b - Searing Ray           Conj           100%         1%          2

Your spell library contained the following spells:

 Spells                   Type           Power        Failure   Level
 Foxfire                  Conj/Fire      100%         1%          1
 Magic Dart               Conj           100%         1%          1
 Dazzling Flash           Conj/Hex       64%          2%          3
 Fulminant Prism          Conj/Hex       16%          10%         4
 Iskenderun's Mystic Bla  Conj/Tloc      32%          10%         4


Dungeon Overview and Level Annotations

Branches:
Dungeon (6/15)             Temple (1/1) D:4

Altars:
Ashenzari
Cheibriados
Dithmenos
Elyvilon
Fedhas
Hepliaklqana
Kikubaaqudgha
Makhleb
Nemelex Xobeh
Ru
Sif Muna
Trog
Uskayaw
Vehumet
Wu Jian
Xom
Yredelemnul
The Shining One

Annotations:
D:6 1 runed translucent door, boysha's ghost, novice OpTm


Message History

The centaur wields a +0 shortbow.
The centaur shoots an arrow.
The arrow hits you.
The centaur shoots an arrow.
The arrow hits you!
You see here 2 arrows.
The centaur shoots an arrow.
The arrow hits you!
You see here an arrow.
You are too injured to fight recklessly!
The centaur shoots an arrow.
The arrow hits you!
* * * LOW HITPOINT WARNING * * *
You see here an arrow.
You are too injured to fight recklessly!
You are too injured to fight recklessly!
Casting: Searing Ray (safe; 1% risk of failure)
Confirm with . or Enter, or press ? or * to list all spells.
Okay, then.
As you read the scroll labelled YKIKEURIERR, it crumbles to dust.
It is a scroll of amnesia.
Forget Magic Dart, freeing 1 spell level for a total of 18?
Your memory of Magic Dart unravels.
The centaur shoots an arrow.
The arrow hits you!
You die... .# .# .... ##.. .....# #.. ......##### #cc

.......... #.# .......##. #.#
#)#...##.. #@# .. #.....###.
#(#..... ###....##
##(#...#.##........
###..#.#.#........###
#...#.............#..
#......#............#
######...##........(.....#
####......####.#......>.<....
##.≈....≈..#
##...............


You could see 2 centaurs.

Vanquished Creatures
  2 ogres (D:4)
  A phantom (D:4)
  A scorpion (D:4)
  A howler monkey (D:4)
  5 orc wizards
  An orc priest (D:3)
  2 centaur zombies
  A bullfrog skeleton (D:6)
  Terence (D:3)
  An iguana (D:6)
  A worker ant (D:5)
  2 hound skeletons
  7 gnolls
  4 adders
  A shadow imp (D:5)
  An ooze (D:1)
  4 worms
  5 dart slugs
  A leopard gecko (D:1)
  19 orcs
  A ball python (D:1)
  9 bats
  6 giant cockroaches
  6 goblins
  9 hobgoblins
  5 jackals
  5 quokkas
  5 frilled lizards
  9 kobolds
  9 rats
125 creatures vanquished.

Notes
Turn   | Place    | Note
-------+----------+-------------------------------------------
     0 | D:1      | Gerhazo the Deep Elf Conjurer began the quest for the Orb.
     0 | D:1      | Reached XP level 1. HP: 10/10 MP: 6/6
   196 | D:1      | Reached XP level 2. HP: 15/15 MP: 2/8
   410 | D:1      | Reached skill level 5 in Conjurations
   664 | D:1      | Reached XP level 3. HP: 19/19 MP: 6/10
   862 | D:1      | Found a broken altar of Ashenzari.
  1229 | D:2      | Learned a level 2 spell: Searing Ray
  1291 | D:3      | Reached XP level 4. HP: 24/24 MP: 8/12
  1347 | D:3      | Reached skill level 6 in Conjurations
  1612 | D:4      | Noticed a phantom
  1620 | D:4      | Killed a phantom
  1621 | D:4      | Reached skill level 5 in Spellcasting
  1621 | D:4      | Reached XP level 5. HP: 28/28 MP: 5/14
  1626 | D:4      | Found a staircase to the Ecumenical Temple.
  1631 | Temple   | Entered the Ecumenical Temple
  1731 | Temple   | Became a worshipper of Vehumet
  2646 | D:2      | Found an ornate altar of the Wu Jian Council.
  2710 | D:2      | Found a burning altar of Makhleb.
  2714 | D:2      | Found a bloodstained altar of Trog.
  2841 | D:3      | Reached skill level 7 in Conjurations
  2841 | D:3      | Reached XP level 6. HP: 24/32 MP: 11/16
  2841 | D:3      | Reached * piety under Vehumet
  2841 | D:3      | Offered knowledge of Freeze by Vehumet.
  2843 | D:3      | Noticed Terence
  3152 | D:3      | Killed Terence
  3969 | D:4      | Reached skill level 8 in Conjurations
  3969 | D:4      | Reached XP level 7. HP: 36/36 MP: 9/18
  4034 | D:4      | You fall into a shaft and drop 1 floor!
  4034 | D:5      | Entered Level 5 of the Dungeon
  4223 | D:4      | Found an ancient bone altar of Kikubaaqudgha.
  4639 | D:5      | Reached ** piety under Vehumet
  4682 | D:5      | Offered knowledge of Foxfire by Vehumet.
  5042 | D:6      | Reached skill level 9 in Conjurations
  5484 | D:6      | Noticed boysha's ghost (novice OpTm)
  5492 | D:6      | Found a runed translucent door.
  5571 | D:6      | Shot with an arrow by a centaur

Illustrated notes

Levels and vault maps discovered:
D:1:      minmay_arrival_open_corners, layout_basic, st_stairs_9,
          nicolae_ashenzari_panopticon
D:2:      layout_loops_ring, marbit_many_paths, nicolae_overflow_hidden_temple
D:3:      layout_basic, uniq_terence
D:4:      layout_rooms, lemuel_round_altar, minmay_temple_entry_steel_oval,
          kennysheep_generic_room_11
D:5:      layout_basic
D:6:      layout_rooms, serial_rivers, chequers_serial_rivers_micro_c,
          chequers_serial_rivers_marsh, chequers_serial_rivers_marsh,
          chequers_serial_rivers_room_b, hellmonk_ghost_happy_afterlife,
          solitary_fountain
Temple:   nicolae_temple_god_jail

Skill      XL: |  1  2  3  4  5  6  7 |
---------------+----------------------+-----
Conjurations   | 5 6 7 8 9 |  9.3
Spellcasting   | 4 5 6 7 |  7.4
Dodging        | |  2.4
Stealth        | |  2.4

Action                   |  1- 3 |  4- 6 |  7- 9 || total
-------------------------+-------+-------+-------++-------
Melee: Unarmed           |       |     2 |       ||     2
       Short sword       |       |       |     2 ||     2
 Cast: Magic Dart        |    71 |       |       ||    71
       Searing Ray       |     2 |    48 |    38 ||    88
  Use: Scroll            |       |       |     1 ||     1
Armor: Robe              |     2 |     1 |     1 ||     4
Dodge: Dodged            |     5 |    16 |    22 ||    43
